 Dungeon Crawl Stone Soup version 0.31-a0-7-g51783674b7 (webtiles) character file.

Game seed: 17617525495422195422

111 Zonian the Magician (level 5, -6/35 HPs)
             Began as a Djinni Ice Elementalist on May 6, 2023.
             Mangled by a gnoll
             ... wielding a +0 flail
              (8 damage)
             ... on level 3 of the Dungeon.
             The game lasted 00:06:25 (2137 turns).

Zonian the Magician (Djinni Ice Elementalist)       Turns: 2137, Time: 00:06:26

Health: -6/35      AC:  6    Str:  7    XL:     5   Next: 15%
Gold:   121        EV: 13    Int: 18    God:
                   SH:  0    Dex: 14

rFire   + + .        (no weapon)
rCold   x . .        (no shield)
rNeg    . . .        a - +0 robe
rPois   ∞            (no helmet)
rElec   .            b - +2 cloak
rCorr   .            k - +0 pair of gloves
SInv    .            (boots unavailable)
Will    .....        (no amulet)
Stlth   ++           (no ring)
HPRegen 0.25/turn    (no ring)
MPRegen 0.00/turn

%: infuse magic (-7 HP)
@: mighty, about to teleport, flying
A: sickness immunity, fire resistance 2, cold vulnerability 1, float, innate
caster, HP casting, extra vitality 1
a: no special abilities


You were on level 3 of the Dungeon.
You visited 1 branch of the dungeon, and saw 3 of its levels.

You collected 121 gold pieces.

Inventory:

Armour
 a - a +0 robe (worn)
 b - a +2 cloak (worn)
 i - a +2 buckler
 k - a +0 pair of gloves (worn)
Scrolls
 c - a scroll of silence {unknown}
 d - a scroll of torment {unknown}
 f - 2 scrolls of identify {unknown}
 l - a scroll of brand weapon {unknown}
 n - a scroll of blinking {unknown}
 o - a scroll of magic mapping {unknown}
Potions
 g - a potion of flight {unknown}
 h - 2 potions of heal wounds {unknown}
 p - a potion of might


   Skills:
 + Level 3.5 Dodging
 + Level 2.7 Stealth
 + Level 0.8 Unarmed Combat
 + Level 3.7 Spellcasting


You knew the following spells:

 Your Spells              Type           Power      Damage    Failure   Level
a - Freeze                Ice            68%        1d8       3%          1
b - Frozen Ramparts       Ice            34%        1d6       10%         3
c - Ozocubu's Armour      Ice            17%        N/A       10%         3
d - Summon Ice Beast      Ice/Summ       17%        N/A       32%         4
e - Necrotise             Necr           68%        1d7       3%          1
f - Wereblood             Tmut           17%        N/A       4%          2
Your spell library was empty.

Dungeon Overview and Level Annotations

Branches:
Dungeon (3/15)

Altars:
Fedhas
Uskayaw


Innate Abilities, Weirdness & Mutations

You are immune to sickness and miasma.
You are immune to poison.
Your flesh is very heat resistant. (rF++)
You are vulnerable to cold. (rC-)
You float through the air rather than walking.
You learn spells naturally, not from books.
Your magical power is your life essence.
You have superior vitality. (+4 MHP)


Message History

The bat is moderately wounded.
The bat closely misses you.
You freeze the bat.
You kill the bat!
Unknown command.
Found a quokka corpse and a hobgoblin corpse.
You see here a bat corpse.
Found a rat corpse.
You freeze the rat.
You kill the rat!
You can't see any susceptible monsters within range! (Use Z to cast anyway.) Unknown command.
Found a book of Frost and an orc corpse.
You see here a rat corpse.
The gnoll shouts!
You see here a bat corpse.
The gnoll hits you with a +0 flail.
You freeze the gnoll.
The gnoll is moderately wounded.
The gnoll hits you with a +0 flail!
You freeze the gnoll.
The gnoll is heavily wounded.
A gnoll comes into view. It is wielding a +0 spear.
The gnoll hits you with a +0 flail.
Unknown command.
The gnoll shouts!
You hit the gnoll but do no damage.
The gnoll is heavily wounded.
The gnoll barely misses you. The gnoll hits you with a +0 flail!
* * * LOW HITPOINT WARNING * * *
Unknown command.
As you read the scroll of teleportation, it crumbles to dust.
You feel strangely unstable. The gnoll closely misses you.
The gnoll hits you from afar with a +0 spear!
* * * LOW HITPOINT WARNING * * *
Unknown command.
It was a potion of might.
You feel very mighty all of a sudden. The gnoll hits you with a +0 flail!
You die...

#.# #.#
###########.# #
.g....... ..# .#
#.......# #.#
###.### #.# #.#
.......
####)###g###...†...
#..÷.g.@.†.#.......
#
#.##<#####.†..._...
#.##.##.#
###...†...
#.......# :...†..
#.######.####
....†.† #........#
###.###
#######..### ..#
...........# ..#
#######..#.# ..


You could see 2 gnolls.

Vanquished Creatures
  A gnoll (D:3)
  5 adders (D:2)
  A worm (D:3)
  2 dart slugs (D:2)
  4 endoplasms
  4 giant cockroaches
  3 goblins
  6 hobgoblins
  4 ball pythons
  7 bats
  3 frilled lizards
  4 kobolds (D:1)
  7 rats
51 creatures vanquished.

Notes
Turn   | Place    | Note
-------+----------+-------------------------------------------
     0 | D:1      | Zonian the Djinni Ice Elementalist began the quest for the
                  | Orb.
     0 | D:1      | Zonian set off with the following spells memorised: Freeze,
                  | Frozen Ramparts, Ozocubu's Armour, Summon Ice Beast.
     0 | D:1      | Reached XP level 1. HP: 15/15 MP: 0/0
   127 | D:1      | Reached XP level 2. HP: 13/21 MP: 0/0
   400 | D:1      | Reached XP level 3. HP: 23/25 MP: 0/0
   400 | D:1      | Learned a level 1 spell: Necrotise
   994 | D:2      | Reached XP level 4. HP: 28/31 MP: 0/0
  1766 | D:3      | Reached XP level 5. HP: 29/35 MP: 0/0
  1766 | D:3      | Learned a level 2 spell: Wereblood
  1766 | D:3      | Found a blossoming altar of Fedhas.
  2121 | D:3      | Found a hide-covered altar of Uskayaw.
  2137 | D:3      | Mangled by a gnoll

Illustrated notes

Levels and vault maps discovered:
D:1:      dpeg_arrival_snail, layout_loops_ring, chequers_serial_rivers_micro_b,
          minivault_26
D:2:      layout_loops_ring, minmay_tripent
D:3:      layout_loops_ring, nicolae_uskayaw_murder_on_the_dancefloor,
          fedhas_ov_isle_minmay

Skill      XL: |  1  2  3 |
---------------+----------+-----
Stealth        | 2 |  2.7
Dodging        | 3 |  3.5
Unarmed Combat | |  0.8
Spellcasting   | |  3.7

Action                     |  1- 3 |  4- 6 || total
---------------------------+-------+-------++-------
  Melee: Unarmed           |    11 |    30 ||    41
   Cast: Freeze            |    44 |    40 ||    84
    Use: Scroll            |     1 |     1 ||     2
         Potion            |       |     1 ||     1
   Stab: Sleeping          |     1 |     1 ||     2
 Armour: Robe              |    16 |    21 ||    37
  Dodge: Dodged            |    35 |    41 ||    76

Table legend: (Time is in decaauts)
 A = Elapsed time spent in this place.
 B = Non-inter-level travel time spent in this place.
 C = Inter-level travel time spent in this place.
 D = Time resting spent in this place.
 E = Time spent auto-exploring this place.
 F = Levels seen in this place.
 G = Mean time per level.
                   A        B        C        D        E       F      G
               +--------+--------+--------+--------+--------+-----+--------+
         Total |   2137 |   2060 |     77 |    294 |   1235 |   3 |  712.3 |
       Dungeon |   2137 |   2060 |     77 |    294 |   1235 |   3 |  712.3 |
               +--------+--------+--------+--------+--------+-----+--------+

Top non-repeatable levels by time:
     D:2: 1136 daAuts
     D:1: 797 daAuts
     D:3: 204 daAuts
